Map: Simulacrum LE

Players

LiquidMaNa (MaNa)

  • Race: Protoss Protoss
  • Spawn Location: 11:00

cure - Winner!

  • Race: Terran Terran
  • Spawn Location: 5:00

Event: StayAtHomestory Cup #1

VOD

Have the link to the VOD?

Description

Time

  • Played on: April 10, 2020, 6:06 a.m.
  • Length: 8:10

All games in this series

Show
View Real Time Build Order
Export as new Build Order

LiquidMaNa Protoss 

Build Orders:  

Get SALT Encoding   

  12  0:00  Probe  
  13  0:12  Probe  
  14  0:18  Pylon  
  14  0:25  Probe  
  15  0:37  Probe, Pylon  
  16  0:49  Probe  
  17  0:55  Gateway  
  17  1:01  Probe  
  17  1:02  Assimilator  
  18  1:13  Probe  
  19  1:25  Probe  
  20  1:37  Probe  
  21  1:41  Zealot (Chrono Boost)  
  21  1:44  Cybernetics Core  
  23  1:52  Nexus  
  23  1:56  Probe  
  23  2:00  Zealot (Chrono Boost)  
  26  2:09  Pylon  
  27  2:17  Assimilator  
  27  2:18  Stalker (Chrono Boost)  
  28  2:25  Probe  
  29  2:37  Probe  
  29  2:41  Stalker  
  28  2:49  Probe  
  29  2:53  Shield Battery  
  29  2:56  Warp Gate  
  29  3:01  Probe  
  30  3:11  Stalker  
  32  3:13  Probe  
  32  3:16  Probe  
  33  3:23  Gateway  
  33  3:27  Probe  
  33  3:30  Probe  
  35  3:37  Robotics Facility  
  35  3:40  Probe  
  36  3:42  Probe (Chrono Boost)  
  37  3:49  Gateway  
  37  3:54  Probe (Chrono Boost)  
  39  3:57  Probe (Chrono Boost)  
  40  4:03  Probe (Chrono Boost)  
  40  4:06  Probe (Chrono Boost)  
  40  4:08  Probe  
  40  4:16  Probe  
  42  4:20  Probe  
  42  4:27  Observer (Chrono Boost)  
  42  4:28  Probe  
  42  4:29  Robotics Bay  
  44  4:33  Probe  
  45  4:40  Probe, Pylon  
  45  4:41  Warp Prism (Chrono Boost)  
  45  4:45  Probe  
  49  4:46  Sentry x2  
  49  4:50  Shield Battery  
  49  4:51  Pylon  
  54  4:52  Probe  
  54  4:54  Pylon  
  54  4:57  Assimilator  
  54  4:58  Probe  
  54  4:59  Assimilator  
  55  5:04  Probe  
  56  5:11  Probe  
  56  5:12  Disruptor (Chrono Boost)  
  57  5:14  Twilight Council, Observer  
  57  5:17  Probe  
  61  5:23  Probe  
  61  5:25  Gravitic Drive (Chrono Boost)  
  62  5:29  Probe  
  62  5:33  Nexus  
  63  5:36  Probe  
  63  5:41  Probe  
  68  5:48  Probe  
  70  5:50  Immortal (Chrono Boost)  
  70  5:53  Probe, Blink  
  71  5:59  Pylon  
  71  6:01  Sentry  
  71  6:03  Probe  
  74  6:04  Pylon  
  74  6:08  Gateway  
  74  6:10  Observer  
  74  6:12  Gateway  
  74  6:25  Colossus (Chrono Boost)  
  74  6:27  Probe  
  74  6:28  Probe  
  82  6:38  Stalker x3  
  88  6:43  Shield Battery  
  88  6:54  Probe  
  88  6:57  Gateway  
  88  6:59  Gateway  
  88  7:01  Gateway  
  89  7:04  Stalker x3  
  95  7:13  Colossus  
  101  7:28  Probe x2  
  98  7:34  Pylon  
  98  7:37  Pylon x3  
  90  7:47  Stalker x2  
  90  7:48  Stalker x2  
  97  7:57  Stalker x3  
Show
View Real Time Build Order
Export as new Build Order

cure Terran - Winner!

Build Orders: Reaper Expand 

Get SALT Encoding   

  12  0:00  SCV  
  13  0:13  SCV  
  14  0:17  Supply Depot  
  14  0:25  SCV  
  15  0:38  SCV  
  15  0:40  Barracks  
  16  0:43  Refinery  
  16  0:50  SCV  
  17  1:03  SCV  
  18  1:15  SCV  
  19  1:27  Reaper  
  19  1:28  Orbital Command  
  20  1:43  Command Center  
  20  1:50  Supply Depot  
  20  1:55  SCV  
  20  1:59  Marine  
  22  2:07  SCV  
  23  2:10  Bunker  
  23  2:17  Marine  
  23  2:22  SCV  
  25  2:34  SCV  
  25  2:35  Marine  
  24  2:46  SCV, Factory  
  24  2:51  Refinery  
  25  2:53  Marine  
  26  2:58  SCV  
  27  3:11  SCV  
  28  3:18  Barracks Reactor  
  28  3:21  Orbital Command  
  28  3:23  SCV  
  29  3:31  Starport  
  29  3:32  Hellion  
  31  3:35  SCV  
  32  3:47  SCV  
  32  3:48  SCV  
  34  3:50  Supply Depot  
  34  3:54  Marine  
  34  3:55  Marine  
  36  3:56  Factory Tech Lab  
  36  3:59  SCV  
  36  4:00  SCV  
  38  4:11  SCV  
  38  4:12  SCV, Starport Tech Lab  
  38  4:14  Barracks  
  38  4:15  Siege Tank  
  42  4:23  SCV  
  41  4:24  SCV  
  41  4:26  Marine x2  
  41  4:27  Supply Depot  
  41  4:31  Raven  
  46  4:35  SCV  
  46  4:36  SCV  
  46  4:37  Barracks  
  48  4:42  Engineering Bay  
  48  4:45  Marine, Refinery  
  49  4:47  Marine  
  49  4:51  SCV x2  
  52  4:56  Siege Tank  
  55  5:01  Marine, Supply Depot  
  55  5:04  SCV x2  
  58  5:08  Supply Depot  
  58  5:11  Terran Infantry Weapons Level 1  
  58  5:13  Marine  
  58  5:14  Marine  
  60  5:19  SCV x2  
  62  5:28  Refinery  
  62  5:33  SCV x2, Supply Depot  
  64  5:37  Stimpack  
  64  5:38  Marine x4  
  64  5:39  Starport Reactor  
  68  5:43  Supply Depot  
  68  5:44  Factory Tech Lab  
  68  5:45  SCV x2  
  68  5:49  Combat Shield  
  70  5:56  Marine x2, Supply Depot  
  70  5:57  Marauder x2  
  76  5:59  SCV x2  
  78  6:05  Siege Tank  
  78  6:10  Supply Depot  
  81  6:14  Marine x2  
  81  6:15  Medivac x2  
  87  6:20  Supply Depot  
  87  6:24  Marauder  
  87  6:25  Marauder  
  89  6:32  Missile Turret x2  
  89  6:36  SCV x2  
  89  6:38  Marine x2  
  89  6:39  Siege Tank  
  96  6:45  Supply Depot  
  96  6:49  Marauder x2  
  97  6:54  Medivac  
  97  6:55  Marine, Medivac  
  97  6:56  Marine  
  103  7:08  Concussive Shells  
  103  7:15  Marine x2, Marauder x2  
  109  7:18  Command Center  
  109  7:19  Siege Tank  
  112  7:24  Supply Depot  
  111  7:35  Supply Depot  
  111  7:36  Medivac  
  113  7:43  Marine x2, Marauder x2  
  112  7:58  Barracks  
  112  7:59  Barracks  
Tags
 
Add a new tag
Caveats
  • Supply blocks, unpowered buildings, or Contaminate may cause inaccurate times.
  • Supply counts are checked every 10 seconds.